 Dungeon Crawl Stone Soup version 0.30-a0-50-gb2d611f6b1 (webtiles) character file.

Game seed: 11748177657988301474

196 Destapler the Vexing (level 5, -2/41 HPs)
             Began as a Gnoll Arcane Marksman on Sept 3, 2022.
             Was a Believer of Nemelex Xobeh.
             Slain by a black bear (9 damage)
             ... on level 3 of the Dungeon.
             The game lasted 00:07:45 (4136 turns).

Destapler the Vexing (Gnoll Arcane Marksman)        Turns: 4136, Time: 00:07:45

Health: -2/41      AC:  3    Str: 10    XL:     5   Next: 74%
Magic:  6/9        EV: 13    Int: 12    God:    Nemelex Xobeh [**....]
Gold:   140        SH:  0    Dex: 14    Spells: 9/10 levels left

rFire   . . .      SeeInvis .    a - +1 sling
rCold   . . .      Faith    .    (no shield)
rNeg    . . .      Spirit   .    d - +0 leather armour
rPois   .          Reflect  .    g - +0 hat
rElec   .          Harm     .    (no cloak)
rCorr   .          Rampage  .    (no gloves)
Will    .....                    (no boots)
Stlth   ++........               (no amulet)
HPRegen 0.13/turn                (no ring)
MPRegen 0.11/turn                (no ring)

@: no status effects
A: fangs 1, strong nose, distributed training
a: Renounce Religion, Draw Escape, Draw Destruction, Draw Summoning


You were on level 3 of the Dungeon.
You worshipped Nemelex Xobeh.
Nemelex Xobeh was pleased with you.
You visited 1 branch of the dungeon, and saw 4 of its levels.

You collected 140 gold pieces.

Inventory:

Hand Weapons
 a - a +1 sling (weapon)
Missiles
 f - 2 throwing nets
Armour
 c - a +0 robe
 d - a +0 leather armour (worn)
 g - a +0 hat (worn)
Jewellery
 s - a ring of willpower
Scrolls
 b - a scroll of poison
 i - 2 scrolls of noise {unknown}
 k - a scroll of identify {unknown}
 l - 2 scrolls of enchant armour {unknown}
 m - a scroll of immolation {unknown}
 q - a scroll of fear {unknown}
 t - a scroll of butterflies {unknown}
 u - a scroll of summoning {unknown}
Potions
 e - 5 potions of curing {unknown}
 h - 3 potions of degeneration {unknown}
 j - 2 potions of heal wounds {unknown}
 n - a potion of invisibility {unknown}
 o - a potion of mutation {unknown}
 p - 3 potions of brilliance {unknown}
 r - a potion of haste {unknown}


   Skills:
 + Level 3.1 Fighting
 + Level 1.7 Short Blades
 + Level 1.7 Long Blades
 + Level 1.7 Axes
 + Level 1.7 Maces & Flails
 + Level 1.7 Polearms
 + Level 1.7 Staves
 + Level 4.9 Ranged Weapons
 + Level 1.7 Throwing
 + Level 1.7 Armour
 + Level 4.9 Dodging
 + Level 1.7 Stealth
 + Level 1.7 Shields
 + Level 1.7 Unarmed Combat
 + Level 3.3 Spellcasting
 + Level 1.3 Conjurations
 + Level 5.6 Hexes
 + Level 1.3 Summonings
 + Level 1.3 Necromancy
 + Level 1.3 Translocations
 + Level 1.3 Transmutations
 + Level 1.3 Fire Magic
 + Level 1.3 Ice Magic
 + Level 1.3 Air Magic
 + Level 1.3 Earth Magic
 + Level 1.3 Poison Magic
 + Level 1.9 Invocations
 + Level 1.7 Evocations


You had 9 spell levels left.
You knew the following spells:

 Your Spells              Type           Power      Damage    Failure   Level
a - Slow                  Hex            60%        N/A       3%          1

Your spell library contained the following spells:

 Spells                   Type           Power      Damage    Failure   Level
 Summon Small Mammal      Summ           20%        N/A       19%         1
 Inner Flame              Hex/Fire       10%        N/A       22%         3
 Portal Projectile        Hex/Tloc       20%        N/A       22%         3
 Summon Guardian Golem    Hex/Summ       10%        N/A       22%         3
 Sublimation of Blood     Necr           5%         N/A       26%         2
 Cause Fear               Hex            7%         N/A       30%         4
 Call Canine Familiar     Summ           5%         N/A       47%         3
 Petrify                  Tmut/Erth      5%         N/A       87%         4
 Irradiate                Conj/Tmut      2%         3d12      99%         5


Dungeon Overview and Level Annotations

Branches:
Dungeon (4/15)
 Temple: D:4-7

Altars:
Cheibriados
Fedhas
Gozag
Nemelex Xobeh
Vehumet
The Shining One

Shops:
D:3 **   D:4 :


Innate Abilities, Weirdness & Mutations

You have very sharp teeth.
Your uncanny sense of smell can sniff out nearby items.
Your experience applies equally to all skills.


Message History

A black bear is nearby!
The black bear growls angrily.
The black bear resists with significant effort.
The black bear resists with significant effort.
The black bear seems to slow down.
The black bear seems to slow down.
You shoot a sling bullet. The sling bullet hits the black bear.
The black bear is lightly wounded.
You shoot a sling bullet. The sling bullet hits the black bear!
The black bear is moderately wounded.
You shoot a sling bullet. The sling bullet hits the black bear.
The black bear is heavily wounded.
You shoot a sling bullet. The sling bullet hits the black bear.
The black bear is severely wounded.
You shoot a sling bullet.
The sling bullet closely misses the black bear.
You shoot a sling bullet. The sling bullet hits the black bear.
The black bear is severely wounded.
The black bear shakes off its lethargy.
The black bear goes berserk!
The black bear seems to slow down.
The black bear attacks as you move away!
The black bear bites you! The black bear misses you.
The black bear claws you but does no damage.
The black bear attacks as you move away!
The black bear bites you but does no damage.
The black bear claws you. x2
There is a stone staircase leading up here.
The black bear completely misses you. The black bear barely misses you.
The black bear claws you.
You climb upwards.
There is a stone staircase leading down here.
You draw a card...
You have drawn the Tomb.
Walls emerge from the floor!
The black bear bites you!
* * * LOW HITPOINT WARNING * * *
The black bear closely misses you. The black bear claws you.
* * * LOW HITPOINT WARNING * * *
You draw a card...
You have drawn Velocity.
The black bear seems to slow down.
The black bear bites you!
You die...
Your body glows slightly and disappears.

#.# #.#.###. #.#
####....... #.#
#.......... #.#
#.####..### #.#
##.# #..# #.# #..#
#).# #.# #.## #..#
#h# #.# #..#
#@#####.#####..#
###............###
#.####............
#.......##########
#######.# #.#
#.##########
#...........
############


You could see a black bear (berserk, slow).

Vanquished Creatures
  Jessica (D:2)
  Terence (D:3)
  An iguana (D:3)
  4 adders
  3 worms
  3 dart slugs (D:1)
  5 endoplasms (D:1)
  3 giant cockroaches
  7 goblins
  4 hobgoblins
  5 jackals (D:1)
  2 quokkas
  6 ball pythons
  9 bats
  7 frilled lizards
  7 kobolds
  7 rats
75 creatures vanquished.

Vanquished Creatures (others)
  8 fungi (D:2)
  A plant (D:2)
9 creatures vanquished.

Grand Total: 84 creatures vanquished

Notes
Turn   | Place    | Note
-------+----------+-------------------------------------------
     0 | D:1      | Destapler the Gnoll Arcane Marksman began the quest for the
                  | Orb.
     0 | D:1      | Reached XP level 1. HP: 17/17 MP: 4/4
   268 | D:1      | Reached XP level 2. HP: 23/23 MP: 1/5
   574 | D:1      | Reached XP level 3. HP: 25/28 MP: 7/7
   807 | D:1      | Reached skill level 1 in Invocations
  1102 | D:1      | Reached skill level 1 in Short Blades
  1102 | D:1      | Reached skill level 1 in Long Blades
  1102 | D:1      | Reached skill level 1 in Axes
  1102 | D:1      | Reached skill level 1 in Maces & Flails
  1102 | D:1      | Reached skill level 1 in Polearms
  1102 | D:1      | Reached skill level 1 in Staves
  1102 | D:1      | Reached skill level 1 in Throwing
  1102 | D:1      | Reached skill level 1 in Armour
  1102 | D:1      | Reached skill level 1 in Stealth
  1102 | D:1      | Reached skill level 1 in Shields
  1102 | D:1      | Reached skill level 1 in Unarmed Combat
  1102 | D:1      | Reached skill level 1 in Evocations
  1390 | D:2      | Found a snail-covered altar of Cheibriados.
  1444 | D:2      | Found a faded altar of an unknown god.
  1447 | D:2      | Prayed at the altar of an unknown god.
  1447 | D:2      | Became a worshipper of Nemelex Xobeh the Trickster
  1447 | D:2      | Reached * piety under Nemelex Xobeh
  1447 | D:2      | Received a gift from Nemelex Xobeh
  1554 | D:2      | Reached XP level 4. HP: 13/34 MP: 4/8
  1768 | D:2      | Noticed Jessica
  1796 | D:2      | Killed Jessica
  1797 | D:2      | Reached skill level 1 in Conjurations
  1797 | D:2      | Reached skill level 1 in Summonings
  1797 | D:2      | Reached skill level 1 in Necromancy
  1797 | D:2      | Reached skill level 1 in Translocations
  1797 | D:2      | Reached skill level 1 in Transmutations
  1797 | D:2      | Reached skill level 1 in Fire Magic
  1797 | D:2      | Reached skill level 1 in Ice Magic
  1797 | D:2      | Reached skill level 1 in Air Magic
  1797 | D:2      | Reached skill level 1 in Earth Magic
  1797 | D:2      | Reached skill level 1 in Poison Magic
  2389 | D:3      | Received a gift from Nemelex Xobeh
  2614 | D:3      | Reached XP level 5. HP: 40/40 MP: 9/9
  2949 | D:3      | Reached ** piety under Nemelex Xobeh
  2985 | D:3      | Found Dugg's General Store.
  2997 | D:3      | Found an opulent altar of Gozag.
  3001 | D:3      | Found Gozag's Platinum Reserve.
  3001 | D:3      | Noticed Terence
  3022 | D:3      | Killed Terence
  3808 | D:4      | Found a snail-covered altar of Cheibriados.
  3812 | D:4      | Found a glowing golden altar of the Shining One.
  3817 | D:4      | Found a radiant altar of Vehumet.
  3974 | D:4      | Received a gift from Nemelex Xobeh
  4015 | D:4      | Found Dium's Vocational Training.
  4019 | D:4      | Found a blossoming altar of Fedhas.
  4070 | D:4      | Noticed a black bear
  4136 | D:3      | Slain by a black bear

Illustrated notes

Levels and vault maps discovered:
D:1:      nicolae_arrival_memento_mori, layout_loops_corners, nicolae_titane
D:2:      layout_basic, shapermc_ecumenical_altar_mp_ritualfount, basic_altar,
          hex_medium, dreamdust_mushroom_princess, uniq_jessica
D:3:      layout_loops_ring, nicolae_gozag_zags_fifth_avenue, serial_shops,
          shop, uniq_terence
D:4:      layout_layer_cave, mainiacjoe_overflow_alcove_1,
          grunt_temple_overflow_diamond, hex_large, nicolae_shop_vocational

Skill      XL: |  1  2  3  4  5 |
---------------+----------------+-----
Invocations    | 1 |  1.9
Short Blades   | 1 |  1.7
Long Blades    | 1 |  1.7
Axes           | 1 |  1.7
Maces & Flails | 1 |  1.7
Polearms       | 1 |  1.7
Staves         | 1 |  1.7
Throwing       | 1 |  1.7
Armour         | 1 |  1.7
Stealth        | 1 |  1.7
Shields        | 1 |  1.7
Unarmed Combat | 1 |  1.7
Evocations     | 1 |  1.7
Spellcasting   | 3 |  3.3
Conjurations   | 1 |  1.3
Summonings     | 1 |  1.3
Necromancy     | 1 |  1.3
Translocations | 1 |  1.3
Transmutations | 1 |  1.3
Fire Magic     | 1 |  1.3
Ice Magic      | 1 |  1.3
Air Magic      | 1 |  1.3
Earth Magic    | 1 |  1.3
Poison Magic   | 1 |  1.3
Fighting       | 3 |  3.1
Ranged Weapons | |  4.9
Dodging        | |  4.9
Hexes          | |  5.6

Action                   |  1- 3 |  4- 6 || total
-------------------------+-------+-------++-------
 Fire: Sling             |   173 |   126 ||   299
 Cast: Slow              |    13 |    19 ||    32
Invok: Draw Escape       |       |     2 ||     2
Armor: Leather armour    |    31 |     8 ||    39
       Robe              |     1 |       ||     1
Dodge: Dodged            |    55 |    32 ||    87

Table legend: (Time is in decaauts)
 A = Elapsed time spent in this place.
 B = Non-inter-level travel time spent in this place.
 C = Inter-level travel time spent in this place.
 D = Time resting spent in this place.
 E = Time spent auto-exploring this place.
 F = Levels seen in this place.
 G = Mean time per level.
                   A        B        C        D        E       F      G
               +--------+--------+--------+--------+--------+-----+--------+
         Total |   4199 |   4143 |     56 |     53 |   3419 |   4 | 1049.8 |
       Dungeon |   4199 |   4143 |     56 |     53 |   3419 |   4 | 1049.8 |
               +--------+--------+--------+--------+--------+-----+--------+

Top non-repeatable levels by time:
     D:3: 1350 daAuts
     D:2: 1217 daAuts
     D:1: 1198 daAuts
     D:4: 432 daAuts
